 Dungeon Crawl Stone Soup version 0.23.2-1-ga50397a (webtiles) character file.

Game seed: 17901098918293645061

22 IBeShadow the Firebug (level 2, -4/16 HPs)
             Began as a Deep Elf Fire Elementalist on May 31, 2019.
             Slain by Sigmund
             ... wielding a +0 scythe
              (5 damage)
             ... on level 2 of the Dungeon.
             The game lasted 00:01:41 (534 turns).

IBeShadow the Firebug (Deep Elf Fire Elementalist)   Turns: 534, Time: 00:01:42

Health: -4/16      AC:  2    Str: 10    XL:     2   Next: 68%
Magic:  4/8        EV: 13    Int: 24    God:
Gold:   50         SH:  0    Dex: 15    Spells: 4/7 levels left

rFire    + . .     SeeInvis .   l - +0 whip
rCold    + . .     Gourm    .   (no shield)
rNeg     . . .     Faith    .   a - +0 robe
rPois    +         Spirit   .   (no helmet)
rElec    +         Reflect  .   (no cloak)
rCorr    +         Harm     .   (no gloves)
MR       .....                  (no boots)
Stlth    ++........             (no amulet)
HPRegen  0.05/turn              (no ring)
MPRegen  0.11/turn              (no ring)

@: mighty, brilliant, resistant
A: no striking features
a: no special abilities


You were on level 2 of the Dungeon.
You were not hungry.

You visited 1 branch of the dungeon, and saw 2 of its levels.

You collected 50 gold pieces.

Inventory:

Hand Weapons
 l - a +0 whip (weapon)
Armour
 a - a +0 robe (worn)
Scrolls
 e - a scroll of teleportation {unknown}
 h - 2 scrolls of identify {unknown}
 j - a scroll of magic mapping {unknown}
Potions
 k - a potion of lignification {unknown}
 m - a potion of agility {unknown}
Comestibles
 c - 2 rations
 f - 2 chunks of flesh


   Skills:
 + Level 0.3 Fighting
 - Level 2.4 Dodging
 + Level 2.8 Stealth
 + Level 3.1 Spellcasting
 * Level 1.8 Conjurations
 * Level 3.7 Fire Magic


You had 4 spell levels left.
You knew the following spells:

 Your Spells              Type           Power        Failure   Level  Hunger
a - Flame Tongue          Conj/Fire      ####.        1%          1    None
b - Throw Flame           Conj/Fire      ####..       1%          2    ##.....

Your spell library contained the following spells:

 Spells                   Type           Power        Failure   Level  Hunger
 Conjure Flame            Conj/Fire      ####....     1%          3    ###....
 Inner Flame              Hex/Fire       ####....     1%          3    ###....
 Sticky Flame             Conj/Fire      ####....     4%          4    ####...
 Fireball                 Conj/Fire      ####......   11%         5    ######.


Dungeon Overview and Level Annotations

Branches:
Dungeon (1/15)

Altars:

Annotations:
D:2 Sigmund


Message History

Press: ? - help, Shift-Dir - straight line The flame tongue hits something!
You hear some strange, mumbled words.
A puff of flame appears from out of thin air!
The puff of flame hits you. You resist.
Casting: Flame Tongue (safe; 1% risk of failure)
Confirm with . or Enter, or press ? or * to list all spells.
You can't see any susceptible monsters within range! (Use Z to cast anyway.)
Casting: Flame Tongue (safe; 1% risk of failure)
Confirm with . or Enter, or press ? or * to list all spells.
Aiming: Flame Tongue (safe; 1% risk of failure)
Press: ? - help, Shift-Dir - straight line The flame tongue hits something.
Something hits you!
Ouch! That really hurt!
* * * LOW HITPOINT WARNING * * *
Unknown command.
It was a potion of might.
You feel very mighty all of a sudden. Something hits you.
You die...

#........##. #.##.
#........##.## .....
#........##.$##.#.#
#......÷.###).....#
#..............####
#..............#
#####.###......#
#........# #.
#..†..{#### #........#
#. #.......@.#
#........# #
#......##..##........###
#>.....###..>..........
##.###..# ###........#
#..# ##.# #........#
....# #.# #........#
..... #.#######..#####
###...
###...##....######### #.
#....................


There were no monsters in sight!

Vanquished Creatures
  A dart slug (D:1)
  2 leopard geckos
  A ball python (D:1)
  3 goblins (D:1)
  A hobgoblin (D:1)
  A quokka (D:2)
  4 bats
  A frilled lizard (D:1)
  4 kobolds
  2 rats
20 creatures vanquished.

Notes
Turn   | Place    | Note
-------+----------+-------------------------------------------
     0 | D:1      | IBeShadow the Deep Elf Fire Elementalist began the quest
                  | for the Orb.
     0 | D:1      | Reached XP level 1. HP: 10/10 MP: 6/6
   135 | D:1      | Reached XP level 2. HP: 12/15 MP: 6/8
   146 | D:1      | Learned a level 2 spell: Throw Flame
   431 | D:1      | You fall through a shaft!
   514 | D:2      | Noticed Sigmund
   534 | D:2      | Slain by Sigmund

Action                   || total
-------------------------++-------
Melee: Unarmed           ||     1
       Whip              ||     3
 Cast: Flame Tongue      ||    28
       Throw Flame       ||     4
  Use: Potion            ||     4
Armor: Robe              ||     2
Dodge: Dodged            ||    13
